 Dungeon Crawl Stone Soup version 0.24-a0-123-ga2403f3307 (webtiles) character file.

Game seed: 0

13738 asterix666 the Fighter (level 11, 7/86 HPs)
             Began as a Demonspawn Air Elementalist on Feb 18, 2019.
             Was a High Priest of Okawaru.
             Quit the game in a Gauntlet on Feb 20, 2019.
             The game lasted 01:04:46 (12286 turns).

asterix666 the Fighter (DsAE)                      Turns: 12286, Time: 01:04:47

Health: 7/86       AC: 15    Str: 17    XL:     11   Next: 79%
Magic:  16/22      EV: 19    Int: 20    God:    Okawaru [*****.]
Gold:   505        SH:  0    Dex: 16    Spells: 10/25 levels left

rFire    + + .     SeeInvis .   a - +6 quarterstaff of Circular Logic {speed, rPois MR+ Str+4}
rCold    . . .     Gourm    .   (shield currently unavailable)
rNeg     . . .     Faith    .   y - +2 leather armour {MR+}
rPois    +         Spirit   .   o - +2 helmet
rElec    .         Reflect  .   (no cloak)
rCorr    .         Harm     .   n - +2 pair of gloves
MR       ++...     NoTele   +   (no boots)
Stlth    +++.......             h - amulet of regeneration
HPRegen  0.64/turn              (no ring)
MPRegen  0.18/turn              (no ring)

@: mighty, heroism
A: talons 1, yellow scales 2, agile 1, fire resistance 2, powered by pain 1,
flame cloud immunity, subdued magic 1
a: Heroism, Finesse, Renounce Religion


You were in a Gauntlet.
You worshipped Okawaru.
Okawaru was extremely pleased with you.
You were not hungry.

You visited 2 branches of the dungeon, and saw 12 of its levels.
You also visited: Ossuary and Gauntlet.

You collected 545 gold pieces.
You spent 40 gold pieces at shops.

Inventory:

Hand Weapons
 a - the +6 quarterstaff of Circular Logic (weapon) {speed, rPois MR+ Str+4}
   (You found it on level 7 of the Dungeon)

   Attacks with this weapon are significantly faster.
   It affects your strength (+4).
   It protects you from poison.
   It affects your resistance to hostile enchantments.
 b - a +2 trident of venom
 d - a +2 quarterstaff of protection
 s - a +2 scimitar of flaming
 v - the +4 rapier "Nophi" {protect, Int+2}
   (You found it in a Gauntlet)

   It protects the one who uses it against injury (+AC on strike).
   It affects your intelligence (+2).
Missiles
 f - 6 poisoned javelins (quivered)
 g - 4 javelins of returning
 E - 2 throwing nets
Armour
 m - the +1 ring mail of Experimentation {Str+2}
   (Okawaru gifted it to you on level 8 of the Dungeon)

   It affects your strength (+2).
 n - a +2 pair of gloves (worn)
 o - a +2 helmet (worn)
 x - a +2 hat
 y - a +2 leather armour of magic resistance (worn)
Jewellery
 h - an amulet of regeneration (around neck)
 w - an uncursed ring of ice
 I - a +5 ring of intelligence {unknown}
 L - an uncursed ring of see invisible {unknown}
Wands
 B - a wand of polymorph (9)
 D - a wand of digging (9)
 F - a wand of flame (7)
 H - a wand of iceblast (8)
 J - a wand of enslavement (7)
Scrolls
 e - 9 scrolls of remove curse
 i - 6 scrolls of teleportation
 j - 5 scrolls of amnesia
 p - 5 scrolls of enchant armour
 q - a scroll of vulnerability
 u - 4 scrolls of blinking
 z - a scroll of silence
 C - a scroll of torment
 G - a scroll of enchant weapon
 K - a scroll of noise {unknown}
Potions
 k - 2 potions of haste
 r - 3 potions of flight
 t - 3 potions of brilliance
 A - 3 potions of might
Comestibles
 c - 22 rations


   Skills:
 + Level 8.2(13.2) Fighting
 * Level 5.5(10.5) Staves
 + Level 5.7(10.7) Dodging
 - Level 1.7(6.7) Stealth
 + Level 7.8 Spellcasting
 - Level 8.0 Conjurations
 - Level 8.0 Air Magic
 - Level 7.0 Invocations
 - Level 2.0 Evocations


You had 10 spell levels left.
You knew the following spells:

 Your Spells              Type           Power        Failure   Level  Hunger
a - Shock                 Conj/Air       ####         1%          1    None
b - Swiftness             Chrm/Air       ###.....     2%          2    None
c - Static Discharge      Conj/Air       ####....     1%          3    None
d - Airstrike             Air            ####......   2%          4    ###....
e - Lightning Bolt        Conj/Air       ####......   9%          5    #####..

Your spell library contained the following spells:

 Spells                   Type           Power        Failure   Level  Hunger
 Dazzling Spray           Conj/Hex       ###...       4%          3    None
 Corona                   Hex            #......      9%          1    None
 Ensorcelled Hibernation  Hex/Ice        #.....       13%         2    None
 Confuse                  Hex            #.......     26%         3    None
 Tukima's Dance           Hex            #.......     26%         3    None


Dungeon Overview and Level Annotations

Branches:
Dungeon (11/15)            Temple (1/1) D:4
   Lair: D:8-11         Orc: D:9-12

Altars:
Ashenzari
Cheibriados
Dithmenos
Elyvilon
Fedhas
Gozag
Hepliaklqana
Kikubaaqudgha
Makhleb
Nemelex Xobeh
Okawaru
Qazlal
Ru
Sif Muna
Trog
Uskayaw
Vehumet
Wu Jian
Xom
Yredelemnul
Zin
The Shining One

Shops:
D:9 *

Annotations:
Gauntlet 2 transporters


Innate Abilities, Weirdness & Mutations

You have sharp toenails.
You are mostly covered in yellow scales. (AC +3)
Your flesh is very heat resistant. (rF++)
You sometimes gain a little power by taking damage.
You are immune to clouds of flame.
You are agile. (Dex +2)
Your spells are a little easier to cast, but a little less powerful.


Message History

The minotaur throws a javelin of returning.
The javelin of returning hits you!!
You focus on the pain.
You feel very mighty all of a sudden.
The weapon returns to the minotaur!
Okay, then.
Casting: Shock (safe; 1% risk of failure)
Confirm with . or Enter, or press ? or * to list all spells.
Aiming: Shock (safe; 1% risk of failure)
Press: ? - help, Shift-Dir - straight line The zap hits the minotaur.
The minotaur is lightly wounded.
The zap hits the minotaur.
The minotaur is lightly wounded.
The minotaur throws a javelin of returning.
The javelin of returning hits you!!
* * * LOW HITPOINT WARNING * * *
The weapon returns to the minotaur!
Quiver which item? (- for none, * to show all) (? for menu, Esc to quit)
Okay, then.
Are you sure you want to abandon this character and quit the game? (Confirm with "yes".)

#$#..#§8≈#
.©#..#...#######
#!#..#.8.##....#
#.#..#...##.##.#
.Z#..#.8....##.#
..#..#...##.##.### ##
###..#...##....#.# ≈≈#
....≈#.©.##.##.#.#.≈≈#
....∩#......##.'@..H≈#
....≈#.©.##.##.#.#.≈≈#
###..#...##....#.# ≈≈#
..#..#...##.##.### ##
#.#..#.8....##.#
^.#..#...##.##.#
#.#..#.8.##....#
.©#..#...#######
#.#..#≈8≈#


You could see a minotaur.

Vanquished Creatures
  2 two-headed ogres (D:10)
  Erica (D:10)
  A cyclops (D:11)
  A torpor snail (Gauntlet)
  An efreet (Gauntlet)
  A redback zombie (D:10)
  2 hellwings (D:10)
  Prince Ribbit (D:6)
  Grinder (D:6)
  2 hippogriffs (D:8)
  A fire elemental (Gauntlet)
  A wraith (D:9)
  Grum (D:8)
  2 hungry ghosts
  An acid dragon (D:11)
  A water moccasin (D:9)
  Duvessa (D:7)
  A hell hound (Gauntlet)
  5 ice beasts
  2 phantoms
  A hornet zombie (Ossuary)
  2 sky beasts
  5 orc warriors
  9 wolves
  3 ogres
  8 centaurs
  A big kobold (D:9)
  4 bullfrogs
  4 wyvern zombies
  A scorpion (D:8)
  Dowan (D:7)
  3 howler monkeys
  5 crimson imps
  7 centaur zombies
  9 bullfrog zombies
  2 quasits
  2 jellies
  2 centaur skeletons
  11 orc priests
  5 hounds
  2 iguanas
  14 orc wizards
  5 worker ants
  A hound zombie (Ossuary)
  A hound skeleton (D:7)
  13 mummies
  A howler monkey skeleton (D:11)
  A worker ant zombie (Ossuary)
  Robin (D:3)
  3 gnolls (D:9)
  13 adders
  5 shadow imps
  An ooze (D:3)
  5 adder zombies
  3 worms
  A dart slug (D:3)
  4 leopard geckos
  47 orcs
  A ball python (D:1)
  3 giant cockroaches (D:1)
  14 goblins
  6 hobgoblins
  2 jackals (D:4)
  2 quokkas
  13 bats
  4 frilled lizards
  A giant cockroach zombie (Ossuary)
  A hobgoblin zombie (D:6)
  A jackal skeleton (D:4)
  A jackal zombie (Ossuary)
  6 kobolds
  A kobold zombie (D:6)
  A leopard gecko skeleton (D:4)
  A leopard gecko zombie (Ossuary)
  3 quokka zombies
  10 rats
306 creatures vanquished.

Vanquished Creatures (others)
  An orc priest (D:8)
  A plant (Gauntlet)
  2 withered plants
4 creatures vanquished.

Grand Total: 310 creatures vanquished

Notes
Turn   | Place    | Note
-------+----------+-------------------------------------------
     0 | D:1      | asterix666 the Demonspawn Air Elementalist began the quest
                  | for the Orb.
     0 | D:1      | Reached XP level 1. HP: 13/13 MP: 3/3
   416 | D:1      | Gained mutation: You are partially covered in yellow
                  | scales. (AC +2) [demonic ancestry]
   416 | D:1      | Reached XP level 2. HP: 20/20 MP: 3/5
  1059 | D:2      | Reached skill level 1 in Fighting
  1059 | D:2      | Gained mutation: Your flesh is heat resistant. (rF+)
                  | [demonic ancestry]
  1059 | D:2      | Reached XP level 3. HP: 26/26 MP: 0/6
  1286 | D:2      | Learned a level 2 spell: Swiftness
  1290 | D:2      | Learned a level 3 spell: Static Discharge
  1312 | D:2      | Found an iron altar of Okawaru.
  1546 | D:2      | Became a worshipper of Warmaster Okawaru
  1742 | D:3      | Noticed Robin
  1773 | D:3      | Killed Robin
  1773 | D:3      | Reached XP level 4. HP: 21/32 MP: 0/7
  2069 | D:3      | Reached skill level 1 in Invocations
  2652 | D:3      | Reached XP level 5. HP: 38/38 MP: 5/9
  3034 | D:4      | Reached * piety under Okawaru
  3115 | D:4      | Noticed a phantom
  3227 | D:4      | Killed a phantom
  3227 | D:4      | Gained mutation: You sometimes gain a little power by
                  | taking damage. [demonic ancestry]
  3227 | D:4      | Reached XP level 6. HP: 40/44 MP: 0/10
  3312 | D:4      | Noticed a sky beast
  3362 | D:4      | Killed a sky beast
  3567 | D:4      | Learned a level 4 spell: Airstrike
  3713 | D:4      | Found a staircase to the Ecumenical Temple.
  3719 | Temple   | Entered the Ecumenical Temple
  4134 | D:4      | Reached ** piety under Okawaru
  4134 | D:4      | Reached XP level 7. HP: 34/51 MP: 7/12
  4297 | D:5      | Entered Level 5 of the Dungeon
  4304 | D:5      | Reached skill level 5 in Air Magic
  4608 | D:5      | Found a sparkling altar of Nemelex Xobeh.
  4879 | D:5      | Gained mutation: You are immune to clouds of flame.
                  | [demonic ancestry]
  4879 | D:5      | Reached XP level 8. HP: 34/58 MP: 0/13
  5277 | D:6      | Found a sand-covered staircase.
  5288 | Ossuary  | Entered an ossuary
  5299 | Ossuary  | Reached *** piety under Okawaru
  5460 | Ossuary  | Received a gift from Okawaru
  5467 | Ossuary  | Gained mutation: Your body sometimes deteriorates upon
                  | taking damage. [potion of mutation]
  5467 | Ossuary  | Gained mutation: You have an increased reservoir of magic.
                  | (+10% MP) [potion of mutation]
  5502 | Ossuary  | Reached skill level 5 in Invocations
  6205 | D:6      | Noticed Prince Ribbit
  6212 | D:6      | Killed Prince Ribbit
  6212 | D:6      | Reached **** piety under Okawaru
  6212 | D:6      | Reached XP level 9. HP: 66/66 MP: 2/17
  6334 | D:6      | Noticed Grinder
  6339 | D:6      | Paralysed by Grinder for 7 turns
  6350 | D:6      | Killed Grinder
  6413 | D:6      | Lost mutation: Your body sometimes deteriorates upon taking
                  | damage. [potion of mutation]
  6413 | D:6      | Lost mutation: You have an increased reservoir of magic.
                  | (+10% MP) [potion of mutation]
  6413 | D:6      | Gained mutation: You are agile. (Dex +2) [potion of
                  | mutation]
  6413 | D:6      | Gained mutation: Your spells are a little easier to cast,
                  | but a little less powerful. [potion of mutation]
  6413 | D:6      | Gained mutation: Your flesh is very heat resistant. (rF++)
                  | [potion of mutation]
  6439 | D:6      | Learned a level 5 spell: Lightning Bolt
  6459 | D:6      | Reached skill level 5 in Spellcasting
  6468 | D:6      | Reached skill level 5 in Conjurations
  6546 | D:6      | Found a sacrificial altar of Ru.
  6670 | D:6      | Reached skill level 5 in Fighting
  6771 | D:6      | Found Hoeskone's Assorted Antiques.
  7100 | D:7      | Noticed Duvessa
  7100 | D:7      | Noticed Dowan
  7102 | D:7      | Killed Dowan
  7125 | D:7      | Killed Duvessa
  7371 | D:7      | Got an ivory quarterstaff
  7618 | D:7      | Identified the +6 quarterstaff of Circular Logic {speed,
                  | rPois MR+ Str+4} (You found it on level 7 of the Dungeon)
  8267 | D:8      | Found a hazy altar of Hepliaklqana.
  8341 | D:8      | Reached skill level 1 in Staves
  8350 | D:8      | Gained mutation: You have sharp toenails. [demonic
                  | ancestry]
  8350 | D:8      | Reached XP level 10. HP: 59/76 MP: 1/18
  8373 | D:8      | Noticed Grum
  8392 | D:8      | Killed Grum
  8400 | D:8      | Reached ***** piety under Okawaru
  8402 | D:8      | Received a gift from Okawaru
  8493 | D:8      | Got a heavily runed ring mail {god gift}
  8846 | D:8      | Found a hide-covered altar of Uskayaw.
  9047 | D:9      | Found Wiuce's Assorted Antiques.
  9069 | D:9      | Bought a scroll of identify for 40 gold pieces
  9069 | D:9      | Identified the +1 ring mail of Experimentation {Str+2}
                  | (Okawaru gifted it to you on level 8 of the Dungeon)
  9161 | D:9      | Found a blossoming altar of Fedhas.
 10167 | D:9      | Found a basalt altar of Yredelemnul.
 10424 | D:10     | Entered Level 10 of the Dungeon
 10513 | D:10     | Noticed a two-headed ogre
 10534 | D:10     | Noticed Erica
 10537 | D:10     | Killed a two-headed ogre
 10551 | D:10     | Killed Erica
 10932 | D:10     | Gained mutation: You are mostly covered in yellow scales.
                  | (AC +3) [demonic ancestry]
 10932 | D:10     | Reached XP level 11. HP: 81/84 MP: 21/21
 11028 | D:10     | Reached skill level 5 in Dodging
 11449 | D:10     | Noticed a two-headed ogre
 11463 | D:10     | Killed a two-headed ogre
 11463 | D:10     | Reached skill level 1 in Evocations
 11774 | D:11     | Upgraded the game from 0.24-a0-117-g53b51606c3 to
                  | 0.24-a0-123-ga2403f3307
 11795 | D:11     | Received a gift from Okawaru
 11831 | D:11     | Found a gate leading to a gauntlet.
 11873 | D:11     | Reached skill level 5 in Staves
 11887 | Gauntlet | Entered a Gauntlet
 11887 | Gauntlet | Found a transporter.
 11887 | Gauntlet | Found a transporter.
 11887 | Gauntlet | Found a transporter.
 11916 | Gauntlet | Found a transporter.
 11929 | Gauntlet | Got a polished rapier
 11958 | Gauntlet | Found a transporter.
 11958 | Gauntlet | Found a transporter.
 11958 | Gauntlet | Noticed a tengu warrior
 12195 | Gauntlet | Found a transporter.
 12209 | Gauntlet | Identified the +4 rapier "Nophi" {protect, Int+2} (You
                  | found it in a Gauntlet)
 12267 | Gauntlet | Found a transporter.
 12277 | Gauntlet | Noticed a minotaur
 12286 | Gauntlet | Quit the game

Levels and vault maps discovered:
D:1:      wander_arrival_fairy_ring, layout_basic
D:2:      layout_rooms, okawaru_trees_2
D:3:      layout_basic, nrook_campfire, uniq_robin
D:4:      layout_basic, minmay_temple_entry_enclosed_plants,
          serial_corexii_hall, corexii_hall_statues_x, corexii_hall_statues_l,
          kennysheep_generic_room_11
D:5:      layout_rooms, first_ration, nemelex_diamond_rough_becter
D:6:      layout_rooms, nicolae_overflow_crystal_walls,
          nicolae_ossuary_entry_giza, serial_shops, nicolae_shop_stone,
          uniq_grinder, uniq_prince_ribbit1
D:7:      layout_gridville, uniq_duvessa
D:8:      layout_basic, eat_drink_and_be_merry_uskayaw, basic_altar, uniq_grum
D:9:      layout_layer_cave, fedhas_bush_and_centaur_altar,
          kennysheep_little_box, serial_shops, shop, blue_anna_alchemist
          [blue_anna_fruit_fields, blue_anna_fruit_fields]
D:10:     cheibrodos_grave_circle, layout_loops_corners, uniq_erica
D:11:     layout_loops_ring, lair_entry_dummy, enter_bailey_6,
          gauntlet_entry_generic, serial_shops, nicolae_shop_behind_doors,
          uniq_fannar
Temple:   eino_narrow_crystal_temple
Ossuary:  ossuary_zaba_flooded
Gauntlet: gammafunk_gauntlet_hard_choice [gammafunk_gauntlet_arena_corners,
          gammafunk_gauntlet_arena_split_x, gammafunk_gauntlet_arena_mazey,
          minmay_gauntlet_arena_make_your_own_arena,
          gammafunk_gauntlet_arena_grid, gammafunk_gauntlet_arena_split_diamond,
          gauntlet_exit_watery]

Skill      XL: |  1  2  3  4  5  6  7  8  9 10 11 |
---------------+----------------------------------+-----
Air Magic      | 3 4 5 7 8 |  8.0
Fighting       | 1 2 3 4 5 7 8 |  8.2
Conjurations   | 2 3 4 5 7 8 |  8.0
Invocations    | 1 2 3 4 5 7 |  7.0
Spellcasting   | 3 4 5 6 7 |  7.8
Dodging        | 2 4 5 |  5.7
Staves         | 1 3 5 |  5.5
Evocations     | 2 |  2.0
Stealth        | |  1.7

Action                   |  1- 3 |  4- 6 |  7- 9 | 10-12 || total
-------------------------+-------+-------+-------+-------++-------
Melee: Unarmed           |    22 |       |    53 |       ||    75
       Blowgun           |       |    14 |     1 |       ||    15
       Punch             |       |       |     2 |       ||     2
       Broad axe         |       |       |    45 |       ||    45
       Quarterstaff      |       |       |    11 |   234 ||   245
       Trident           |       |       |       |    66 ||    66
       Kick              |       |       |       |    84 ||    84
 Fire: Blowgun           |    14 |    48 |    15 |       ||    77
Throw: Javelin           |       |       |     7 |     8 ||    15
 Cast: Shock             |    93 |   102 |   256 |   127 ||   578
       Swiftness         |       |     1 |       |       ||     1
       Airstrike         |       |       |    20 |    29 ||    49
       Static Discharge  |       |       |     5 |    15 ||    20
       Lightning Bolt    |       |       |       |     5 ||     5
Invok: Heroism           |       |       |     3 |     4 ||     7
Evoke: Wand              |       |       |     2 |     4 ||     6
  Use: Potion            |       |     3 |     8 |    11 ||    22
       Scroll            |       |       |    21 |     6 ||    27
 Stab: Paralysed         |       |       |     3 |     5 ||     8
       Invisible         |       |       |     2 |     1 ||     3
       Sleeping          |       |       |     1 |     1 ||     2
  Eat: Chunk             |     4 |     6 |    14 |    15 ||    39
       Ration            |       |       |     1 |     1 ||     2
Armor: Robe              |    31 |    37 |    48 |       ||   116
       Skin              |       |       |    46 |    39 ||    85
       Leather armour    |       |       |    55 |   127 ||   182
Dodge: Dodged            |    55 |    61 |   208 |   188 ||   512

Table legend:
 A = Non-vault XP
 B = Vault XP
 C = Vault XP percentage of total XP
 D = Non-vault monster count
 E = Vault monster count
 F = Vault count percentage of total count
                 A         B        C        D         E       F
            +---------+---------+-------+---------+---------+-------
      Total |   10288 |    9338 |  47.6 |     223 |      84 |  27.4
            +---------+---------+-------+---------+---------+-------
        D:1 |      32 |       0 |   0.0 |      22 |       0 |   0.0
        D:2 |      28 |       0 |   0.0 |      13 |       0 |   0.0
        D:3 |     143 |      39 |  21.4 |      28 |      13 |  31.7
        D:4 |     509 |       0 |   0.0 |      19 |       0 |   0.0
        D:5 |     788 |       0 |   0.0 |      21 |       0 |   0.0
        D:6 |     645 |     584 |  47.5 |      13 |       5 |  27.8
        D:7 |     957 |     151 |  13.6 |      20 |       2 |   9.1
        D:8 |    1911 |     536 |  21.9 |      29 |       4 |  12.1
        D:9 |    1287 |     215 |  14.3 |      30 |       2 |   6.2
       D:10 |    2428 |    4857 |  66.7 |      18 |      14 |  43.8
       D:11 |    1560 |       0 |   0.0 |      10 |       0 |   0.0
    Ossuary |       0 |    1129 | 100.0 |       0 |      34 | 100.0
   Gauntlet |       0 |    1827 | 100.0 |       0 |      10 | 100.0
            +---------+---------+-------+---------+---------+-------
